 Dungeon Crawl Stone Soup version 0.30-a0-860-g512cf1e979 (webtiles) character file.

Game seed: 7442789677182331253

3640 browni3141 the Slicer (level 10, -3/60 HPs)
             Began as a Kobold Artificer on Mar 7, 2023.
             Slain by a vampire (11 damage)
             ... on level 9 of the Dungeon.
             The game lasted 00:13:50 (8814 turns).

browni3141 the Slicer (Kobold Artificer)            Turns: 8814, Time: 00:13:51

Health: -3/60      AC:  5    Str: 10    XL:     10   Next: 33%
Magic:  10/10      EV: 17    Int: 12    God:
Gold:   137        SH:  9    Dex: 20    Spells: 9/9 levels left

rFire   . . .      SeeInvis .    a - +1 short sword (drain)
rCold   + . .      Faith    .    h - +0 buckler
rNeg    . . .      Spirit   .    b - +0 leather armour
rPois   .          Reflect  +    (no helmet)
rElec   .          Rampage  .    (no cloak)
rCorr   +                        z - +0 pair of gloves
Will    .....                    t - +0 pair of boots
Stlth   +++++                    A - amulet of reflection
HPRegen 0.30/turn                U - ring of protection from cold
MPRegen 0.12/turn                R - ring of resist corrosion

@: no status effects
A: small, no large weapons, nightstalker 3
a: no special abilities


You were on level 9 of the Dungeon.
You visited 2 branches of the dungeon, and saw 10 of its levels.
You also visited: Ossuary.

You collected 523 gold pieces.
You spent 386 gold pieces at shops.

Inventory:

Hand Weapons
 a - a +1 short sword of draining (weapon)
 f - a +0 dagger
 i - a +0 dagger
 m - a +0 short sword
 x - a +0 club
Missiles
 K - 2 throwing nets
Armour
 b - a +0 leather armour (worn)
 h - a +0 buckler (worn)
 t - a +0 pair of boots (worn)
 z - a +0 pair of gloves (worn)
Jewellery
 y - an amulet of magic regeneration
 A - an amulet of reflection (around neck)
 G - a ring of ice
 J - an amulet of guardian spirit
 R - a ring of resist corrosion (right hand)
 T - a ring of magical power
 U - a ring of protection from cold (left hand)
Wands
 c - a wand of flame (17) (quivered)
 d - a wand of charming (5)
 e - a wand of iceblast (3)
 k - a wand of mindburst (15)
 V - a wand of polymorph (17)
Scrolls
 g - 3 scrolls of fog
 j - 3 scrolls of magic mapping
 l - a scroll of poison
 o - 2 scrolls of silence
 p - 3 scrolls of teleportation
 r - 3 scrolls of amnesia
 s - 4 scrolls of blinking
 v - 2 scrolls of fear {unknown}
 B - 2 scrolls of immolation {unknown}
 F - 7 scrolls of torment {unknown}
 H - 3 scrolls of noise {unknown}
 L - 2 scrolls of enchant weapon {unknown}
 M - 2 scrolls of vulnerability {unknown}
 O - a scroll of brand weapon {unknown}
Potions
 n - a potion of might
 q - 6 potions of curing {unknown}
 u - 3 potions of haste
 w - 4 potions of flight {unknown}
 D - 2 potions of ambrosia {unknown}
 E - a potion of degeneration {unknown}
 I - a potion of cancellation {unknown}
 N - 2 potions of resistance {unknown}
 P - a potion of berserk rage {unknown}
 Q - 2 potions of lignification {unknown}
 S - a potion of attraction {unknown}


   Skills:
 - Level 6.0 Fighting
 * Level 10.2 Short Blades
 - Level 2.0 Armour
 - Level 6.0 Dodging
 - Level 10.0 Stealth
 - Level 8.0 Evocations


You had 9 spell levels left.
You didn't know any spells.
Your spell library contained the following spells:

 Spells                   Type           Power      Damage    Failure   Level
 Apportation              Tloc           0%         N/A       56%         1
 Summon Small Mammal      Summ           0%         N/A       56%         1
 Sublimation of Blood     Necr           0%         N/A       71%         2
 Wereblood                Tmut           0%         N/A       71%         2
 Call Canine Familiar     Summ           0%         N/A       91%         3
 Summon Guardian Golem    Hex/Summ       0%         N/A       91%         3
 Tukima's Dance           Hex            0%         N/A       91%         3
 Passage of Golubria      Tloc           0%         N/A       100%        4
 Alistair's Intoxication  Tmut/Pois      0%         N/A       100%        5
 Yara's Violent Unravell  Hex/Tmut       0%         3d3       100%        5
 Summon Hydra             Summ           0%         N/A       100%        7


Dungeon Overview and Level Annotations

Branches:
Dungeon (9/15)             Temple (1/1) D:5            Lair (0/5) D:8
Ossuary (visited)
    Orc: D:9-12

Altars:
Ashenzari
Elyvilon
Fedhas
Hepliaklqana
Kikubaaqudgha
Makhleb
Nemelex Xobeh
Okawaru
Qazlal
Sif Muna
Trog
Vehumet
Yredelemnul
Zin
The Shining One

Shops:
D:2 (   D:4 (   D:7 *   D:8 *


Innate Abilities, Weirdness & Mutations

You are small and have problems with some larger weapons.
You are completely attuned to the shadows.


Message History

You barely miss the vampire.
A vampire is nearby!
The vampire gestures wildly while chanting.
The vampire flickers and vanishes!
Deactivating autopickup; reactivate with Ctrl-A.
You bump into the stone wall.
You hit something. Something hits you. Something bites you.
Something draws strength from your injuries!
You hit something but do no damage. You barely miss something.
You feel less confused. Something closely misses you. Something bites you.
Something draws strength from your injuries!
Unknown command.
Aiming: Mindburst
Press: ? - help, Shift-Dir - straight line Nothing appears to happen.
Something hits you but does no damage. Something bites you!
Something draws strength from your injuries!
Unknown command.
Aiming: Mindburst
Press: ? - help, Shift-Dir - straight line Something's mind is blasted!
Something hits you but does no damage. Something bites you.
Something draws strength from your injuries!
Unknown command.
Aiming: Mindburst
Press: ? - help, Shift-Dir - straight line Something's mind is blasted!!
Something draws life force from you!
* * * LOW HITPOINT WARNING * * *
Unknown command.
Aiming: Mindburst
Press: ? - help, Shift-Dir - straight line Nothing appears to happen.
Something draws life force from you!
* * * LOW HITPOINT WARNING * * *
Unknown command.
Aiming: Mindburst
Press: ? - help, Shift-Dir - straight line Nothing appears to happen.
You block something's attack. Something bites you!
You die...

# ###.# #
#.# .
####.#######
......#.....
####........
...........
.##.##.##.#
#.##.# ..
#@# #{# #.#
..# .### .#


There were no monsters in sight!

Vanquished Creatures
  Joseph (D:8)
  Prince Ribbit (D:5)
  A wyvern (D:8)
  A water moccasin (D:5)
  An orc warrior (D:6)
  2 black bears (D:8)
  3 ice beasts
  An ogre (D:7)
  A centaur (D:8)
  A phantom (D:5)
  3 bullfrogs
  A scorpion (D:5)
  13 wights
  2 killer bees (D:7)
  4 howler monkeys (D:7)
  3 hounds (D:5)
  4 jellies (D:6)
  2 sleepcaps
  A gnoll bouda (D:3)
  2 orc priests
  An iguana (D:5)
  3 orc wizards
  4 hound zombies
  5 mummies
  7 gnolls
  5 adders
  3 white imps (D:5)
  5 ufetubi
  4 adder zombies (Ossuary)
  3 worms
  3 dart slugs
  17 orcs
  2 endoplasms
  2 giant cockroaches
  6 goblins
  6 hobgoblins
  3 jackals (D:2)
  A quokka (D:5)
  8 ball pythons
  4 bats
  2 frilled lizards
  A gnoll zombie (Ossuary)
  A goblin zombie (Ossuary)
  3 hobgoblin zombies
  10 kobolds
  A kobold zombie (D:6)
  5 rats
  2 rat zombies (Ossuary)
165 creatures vanquished.

Vanquished Creatures (collateral kills)
  A killer bee (D:7)
  An orc (D:6)
2 creatures vanquished.

Vanquished Creatures (others)
  A scorpion (D:5)
  3 killer bees (D:7)
  A quasit (D:5)
  A shadow imp (D:5)
  A demonic plant (D:5)
  10 plants (D:2)
17 creatures vanquished.

Grand Total: 184 creatures vanquished

Notes
Turn   | Place    | Note
-------+----------+-------------------------------------------
     0 | D:1      | browni3141 the Kobold Artificer began the quest for the
                  | Orb.
     0 | D:1      | Reached XP level 1. HP: 12/12 MP: 1/1
   522 | D:1      | Reached XP level 2. HP: 16/16 MP: 2/2
  1045 | D:2      | Found Geach's Weapon Shoppe.
  1055 | D:2      | Reached XP level 3. HP: 20/20 MP: 3/3
  1193 | D:2      | Found a faded altar of an unknown god.
  1639 | D:2      | Found a glowing golden altar of the Shining One.
  1921 | D:3      | Reached skill level 1 in Armour
  1966 | D:3      | Reached XP level 4. HP: 25/25 MP: 4/4
  2107 | D:3      | Reached skill level 1 in Short Blades
  2361 | D:3      | Reached XP level 5. HP: 24/30 MP: 5/5
  2678 | D:3      | Found a basalt altar of Yredelemnul.
  2770 | D:4      | Found Juyfam's Weapon Shop.
  2933 | D:4      | Reached skill level 5 in Short Blades
  2933 | D:4      | Reached XP level 6. HP: 35/35 MP: 6/6
  3608 | D:5      | Entered Level 5 of the Dungeon
  3654 | D:5      | Reached skill level 5 in Stealth
  3654 | D:5      | Reached XP level 7. HP: 25/40 MP: 7/7
  3949 | D:5      | Found a glowing golden altar of the Shining One.
  3981 | D:5      | Found a staircase to the Ecumenical Temple.
  4008 | D:5      | Noticed Prince Ribbit
  4021 | Temple   | Entered the Ecumenical Temple
  4318 | D:5      | Reached XP level 8. HP: 42/45 MP: 8/8
  4336 | D:5      | Killed Prince Ribbit
  4337 | D:5      | Reached skill level 5 in Evocations
  5052 | D:6      | Found a sand-covered staircase.
  5070 | Ossuary  | Entered an ossuary
  5688 | D:6      | Reached XP level 9. HP: 46/52 MP: 9/9
  6020 | D:7      | Reached skill level 5 in Dodging
  6054 | D:7      | Found a hazy altar of Hepliaklqana.
  6338 | D:7      | Found a broken altar of Ashenzari.
  7242 | D:7      | Found Puzemp's Assorted Antiques.
  7247 | D:7      | Bought a scroll labelled LIRHON WURPHI for 22 gold pieces
  7247 | D:7      | Bought a scroll labelled UHOASO MOAF for 22 gold pieces
  7247 | D:7      | Bought a scroll labelled OHIZIN TATO for 22 gold pieces
  7247 | D:7      | Bought a glass ring for 110 gold pieces
  7247 | D:7      | Bought a moonstone ring for 110 gold pieces
  7426 | D:8      | Reached skill level 5 in Fighting
  7430 | D:8      | Reached skill level 10 in Stealth
  7535 | D:8      | Reached XP level 10. HP: 21/59 MP: 10/10
  7891 | D:8      | Found a sparkling altar of Nemelex Xobeh.
  7893 | D:8      | Found Keoxzuze's Assorted Antiques.
  7899 | D:8      | Bought a scroll labelled XUZXUBARIA for 25 gold pieces
  7899 | D:8      | Bought 3 scrolls labelled VAFAAN HUUVI for 75 gold pieces
  8127 | D:8      | Noticed Joseph
  8132 | D:8      | Killed Joseph
  8133 | D:8      | Reached skill level 10 in Short Blades
  8297 | D:8      | Found a staircase to the Lair.
  8814 | D:9      | Slain by a vampire

Illustrated notes

Levels and vault maps discovered:
D:1:      sevenhm_arrival_forest_fort_large_4, layout_loops_ring, st_stairs_3
D:2:      layout_loops_ring, basic_altar,
          chequers_ecumenical_altar_simple_redux, serial_shops,
          nicolae_shop_bloodbath_and_beyond, serial_bayou_lake_a
D:3:      layout_loops_ring, lemuel_zombie_altar_yredelemnul
D:4:      layout_loops_ring, serial_shops, nicolae_stop_n_shop_2
D:5:      layout_gridville, lemuel_doored_altar, minmay_temple_entry_junction,
          serial_demonic, serial_demonic_a, serial_demonic_b, serial_demonic_e,
          serial_demonic_g, minivault_23, uniq_prince_ribbit1
D:6:      layout_cave_pools, nicolae_ossuary_entry_giza
D:7:      layout_cave_pods, nicolae_overflow_hidden_temple,
          mainiacjoe_overflow_catwalk, serial_shops, shop
D:8:      layout_basic, nemelex_xobeh_ov_fountains_minmay, lair_entry_dummy,
          serial_shops, nicolae_diamond_shop, serial_co_window_serial,
          co_window_paths_a, co_window_paths_a, co_window_paths_a,
          co_window_corner_a, co_window_corner_a, co_window_broadway_a,
          co_window_paths_c, co_window_cross_2, co_window_4corner_b,
          co_window_paths_e, uniq_joseph
D:9:      layout_loops_cross, mainiacjoe_overflow_catch_the_wave
Temple:   chequers_temple_sunken

Skill      XL: |  1  2  3  4  5  6  7  8  9 10 |
---------------+-------------------------------+-----
Stealth        | 2 3 4 5 8 10 | 10.0
Armour         | 1 2 |  2.0
Evocations     | 4 6 7 8 |  8.0
Fighting       | 2 4 5 6 |  6.0
Dodging        | 3 4 6 |  6.0
Short Blades   | 2 5 6 8 10 | 10.2

Action                     |  1- 3 |  4- 6 |  7- 9 | 10-12 || total
---------------------------+-------+-------+-------+-------++-------
  Melee: Dagger            |     7 |       |       |       ||     7
         Short sword       |    93 |   171 |   330 |    50 ||   644
         Club              |     5 |       |       |       ||     5
  Evoke: Wand              |       |     1 |    25 |     5 ||    31
    Use: Scroll            |       |     4 |     1 |     6 ||    11
         Potion            |       |       |     1 |       ||     1
   Stab: Sleeping          |    14 |    12 |    28 |     6 ||    60
         Betrayed ally     |       |       |     1 |       ||     1
 Armour: Leather armour    |    23 |    15 |    34 |     4 ||    76
  Dodge: Dodged            |    80 |    86 |   163 |    17 ||   346
  Block: Buckler           |    19 |    34 |   115 |    13 ||   181
         Reflection        |       |       |     1 |       ||     1

Table legend: (Time is in decaauts)
 A = Elapsed time spent in this place.
 B = Non-inter-level travel time spent in this place.
 C = Inter-level travel time spent in this place.
 D = Time resting spent in this place.
 E = Time spent auto-exploring this place.
 F = Levels seen in this place.
 G = Mean time per level.
                   A        B        C        D        E       F      G
               +--------+--------+--------+--------+--------+-----+--------+
         Total |   8797 |   8501 |    296 |    440 |   6568 |  11 |  799.7 |
       Dungeon |   8221 |   7957 |    264 |    440 |   6126 |   9 |  913.4 |
        Temple |    302 |    271 |     31 |      0 |    260 |   1 |  302.0 |
       Ossuary |    273 |    273 |      0 |      0 |    182 |   1 |  273.0 |
               +--------+--------+--------+--------+--------+-----+--------+

Top non-repeatable levels by time:
     D:7: 1410 daAuts
     D:8: 1276 daAuts
     D:5: 1112 daAuts
     D:1: 1039 daAuts
     D:3: 976 daAuts
     D:2: 922 daAuts
     D:4: 704 daAuts
     D:6: 673 daAuts
  Temple: 302 daAuts
 Ossuary: 273 daAuts
     D:9: 106 daAuts
